 Dungeon Crawl Stone Soup version 0.24.0-125-gc4c63601f3 (webtiles) character file.

Game seed: 9935624676504604855, levelgen mode: deterministic

1775 Mrkan the Grappler (level 8, -6/83 HPs)
             Began as a Troll Fighter on Feb 25, 2020.
             Was an Initiate of Ru.
             Killed from afar by Erica (15 damage)
             ... with a bolt of poison
             ... on level 8 of the Dungeon.
             The game lasted 00:07:34 (4233 turns).

Mrkan the Grappler (Troll Fighter)                  Turns: 4233, Time: 00:07:34

Health: -6/83      AC:  6    Str: 27    XL:     8   Next: 80%
Magic:  7/7        EV:  8    Int:  4    God:    Ru [......]
Gold:   391        SH:  0    Dex:  9    Spells: 7/7 levels left

rFire    . . .     SeeInvis .     - Unarmed
rCold    . . .     Gourm    +   b - +0 shield
rNeg     . . .     Faith    .   a - +0 robe
rPois    .         Spirit   .   (helmet restricted)
rElec    .         Reflect  .   (no cloak)
rCorr    .         Harm     .   (gloves unavailable)
MR       .....                  (boots unavailable)
Stlth    +.........             (no amulet)
HPRegen  0.63/turn              (no ring)
MPRegen  0.10/turn              (no ring)

@: confused, lethally poisoned (-6 -> -16)
A: large, unfitting armour, claws 3, fast metabolism 3, gourmand, regeneration
1, shaggy fur 1, tough skin 3
a: Renounce Religion


You were on level 8 of the Dungeon.
You worshipped Ru.
Ru was noncommittal.
You were not hungry.

You visited 2 branches of the dungeon, and saw 8 of its levels.

You collected 391 gold pieces.

Inventory:

Hand Weapons
 v - a +0 giant spiked club
Armour
 a - a +0 robe (worn)
 b - a +0 shield (worn)
 q - a +1 cloak
Jewellery
 n - a +5 ring of intelligence {unknown}
 r - an uncursed amulet of magic regeneration {unknown}
Wands
 y - a wand of paralysis (11)
Scrolls
 e - 4 scrolls of teleportation {unknown}
 f - 3 scrolls of enchant weapon {unknown}
 g - 10 scrolls of remove curse {unknown}
 h - 3 scrolls of blinking {unknown}
 i - 4 scrolls of identify {unknown}
 j - 3 scrolls of enchant armour {unknown}
 o - a scroll of immolation {unknown}
 t - a scroll of magic mapping {unknown}
 w - a scroll of silence {unknown}
Potions
 c - 2 potions of might
 k - 3 potions of mutation {unknown}
 l - 2 potions of agility {unknown}
 m - 5 potions of curing
 p - 2 potions of brilliance {unknown}
 s - 2 potions of degeneration {unknown}
 u - a potion of lignification {unknown}
 x - a potion of magic {unknown}
Comestibles
 d - 16 rations


   Skills:
 + Level 6.0 Fighting
 - Level 2.4 Dodging
 * Level 4.0 Shields
 - Level 8.7 Unarmed Combat


You had 7 spell levels left.
You didn't know any spells.
Your spell library contained the following spells:

 Spells                   Type           Power        Failure   Level  Hunger
 Shock                    Conj/Air       #...         86%         1    ##.....
 Swiftness                Chrm/Air       #.......     94%         2    ###....
 Static Discharge         Conj/Air       #.......     99%         3    ####...
 Airstrike                Air            #.........   100%        4    #####..
 Lightning Bolt           Conj/Air       #.........   100%        5    ######.


Dungeon Overview and Level Annotations

Branches:
Dungeon (6/15)             Temple (1/1) D:4

Altars:
Cheibriados
Dithmenos
Elyvilon
Fedhas
Gozag
Hepliaklqana
Kikubaaqudgha
Qazlal
Ru
Sif Muna
Trog
Xom

Annotations:
D:8 Erica


Innate Abilities, Weirdness & Mutations

You are too large for most types of armour.
You have claws for hands.
Your metabolism is lightning-fast.
You like to eat raw meat.
Your natural rate of healing is unusually fast.
You are covered in fur. (AC +1)
You have extremely tough skin. (AC +3)


Message History

Erica gestures wildly while chanting.
Erica flickers and vanishes!
Deactivating autopickup; reactivate with Ctrl-A.
Something hits you! Something burns you.
An orc warrior comes into view. It is wielding a +0 war axe.
You barely miss something. Something hits you but does no damage.
You miss something.
You hear some strange, mumbled words.
A bolt of poison appears from out of thin air!
The bolt of poison hits you!!
You are poisoned.
* * * LOW HITPOINT WARNING * * *
You hear some strange, mumbled words.
You are confused.
You closely miss something.
You feel sick.
You hear some strange, mumbled words.
A bolt of poison appears from out of thin air!
The bolt of poison hits you!
You are lethally poisoned!
You die...

...##.........
....#........
..............
.............
...........o
.$......... .#
?.?......{## .
.......##@.##
.##
.......#....#...
#.......#.#
##...#.....#
#....##....#
#....#......#
###..##......#
#... #.........
###. #.........


You could see an orc warrior.

Vanquished Creatures
  Prince Ribbit (D:5)
  Eustachio (D:5)
  Duvessa (D:5)
  2 ice beasts
  2 sky beasts
  A phantom (D:4)
  A black bear (D:6)
  2 ogres
  A centaur (D:2)
  Blork the orc (D:4)
  A bullfrog (D:5)
  Dowan (D:5)
  A jelly (D:6)
  A scorpion (D:5)
  2 hounds
  2 worker ants
  Robin (D:3)
  3 gnolls (D:5)
  4 adders
  2 shadow imps (D:6)
  3 worms (D:2)
  A dart slug (D:1)
  A leopard gecko (D:4)
  2 orcs (D:3)
  3 bats
  4 giant cockroaches
  13 goblins
  8 hobgoblins
  5 jackals
  5 kobolds
  5 quokkas
  A jackal skeleton (D:5)
  A leopard gecko skeleton (D:4)
83 creatures vanquished.

Notes
Turn   | Place    | Note
-------+----------+-------------------------------------------
     0 | D:1      | Mrkan the Troll Fighter began the quest for the Orb.
     0 | D:1      | Reached XP level 1. HP: 22/22 MP: 0/0
   230 | D:1      | Reached XP level 2. HP: 29/29 MP: 1/1
   881 | D:2      | Reached skill level 3 in Unarmed Combat
   881 | D:2      | Reached XP level 3. HP: 30/36 MP: 2/2
  1178 | D:2      | Noticed a centaur
  1185 | D:2      | Killed a centaur
  1185 | D:2      | Reached skill level 4 in Unarmed Combat
  1185 | D:2      | Reached XP level 4. HP: 22/45 MP: 3/3
  1684 | D:3      | Noticed Robin
  1687 | D:3      | Reached XP level 5. HP: 53/53 MP: 4/4
  1727 | D:3      | Killed Robin
  1820 | D:3      | Found a shadowy altar of Dithmenos.
  2077 | D:4      | Noticed an ogre
  2085 | D:4      | Killed an ogre
  2085 | D:4      | Reached skill level 5 in Unarmed Combat
  2085 | D:4      | Reached XP level 6. HP: 28/62 MP: 5/5
  2459 | D:4      | Found a staircase to the Ecumenical Temple.
  2483 | Temple   | Entered the Ecumenical Temple
  2502 | Temple   | Became a worshipper of Ru the Awakened
  2602 | D:4      | Noticed Blork the orc
  2608 | D:4      | Killed Blork the orc
  2608 | D:4      | Reached skill level 6 in Unarmed Combat
  2773 | D:4      | Noticed an ice beast
  2778 | D:4      | Killed an ice beast
  2778 | D:4      | Reached XP level 7. HP: 62/71 MP: 6/6
  2918 | D:5      | Entered Level 5 of the Dungeon
  2918 | D:5      | Found a stormy altar of Qazlal.
  2957 | D:5      | Reached skill level 7 in Unarmed Combat
  3024 | D:5      | Noticed Eustachio
  3038 | D:5      | Killed Eustachio
  3038 | D:5      | Reached skill level 5 in Fighting
  3038 | D:5      | Reached XP level 8. HP: 78/80 MP: 7/7
  3062 | D:5      | Noticed Prince Ribbit
  3075 | D:5      | Killed Prince Ribbit
  3075 | D:5      | Reached skill level 8 in Unarmed Combat
  3323 | D:5      | Noticed Dowan
  3324 | D:5      | Noticed Duvessa
  3335 | D:5      | Killed Duvessa
  3337 | D:5      | Killed Dowan
  3874 | D:6      | Found a blossoming altar of Fedhas.
  4215 | D:6      | You fall into a shaft and drop 2 floors!
  4226 | D:8      | Noticed Erica
  4233 | D:8      | Killed from afar by Erica

Levels and vault maps discovered:
D:1:      evilmike_arrival_crescent, layout_basic, grunt_decor_cap,
          minmay_misc_feat_tower
D:2:      layout_basic, first_ration
D:3:      layout_rooms, nicolae_dithmenos_shadow_blocks, uniq_robin
D:4:      layout_cave_pods, minmay_temple_entry_mini_moons, uniq_blork_the_orc
D:5:      layout_loops_ring, old_standard_altar, serial_glass, glass_columns_a,
          glass_columns_c, minmay_misc_feat_four_crosses, minivault_23,
          uniq_duvessa, uniq_eustachio, uniq_prince_ribbit1
D:6:      layout_gridville, fedhas_altar_2
D:8:      layout_cave_pools, david_lair_generic, uniq_erica
Temple:   nicolae_temple_the_god_donut

Skill      XL: |  1  2  3  4  5  6  7  8 |
---------------+-------------------------+-----
Unarmed Combat | 3 4 5 6 7 8 |  8.7
Fighting       | 3 4 5 6 |  6.0
Shields        | 4 |  4.0
Dodging        | |  2.4

Action                   |  1- 3 |  4- 6 |  7- 9 || total
-------------------------+-------+-------+-------++-------
Melee: Unarmed           |    70 |   105 |    89 ||   264
Invok: Reject Sacrifices |       |       |     1 ||     1
  Eat: Chunk             |     7 |    17 |     9 ||    33
       Ration            |       |     1 |       ||     1
Armor: Robe              |    25 |    39 |    17 ||    81
Dodge: Dodged            |    17 |    31 |    17 ||    65
Block: Shield            |    33 |    62 |    35 ||   130
